Unix NetHack Version 3.7.0-97 Work-in-progress - last build Feb 8 2024 15:05:57 (6d6cdf8371b60126770a3d7b88910941cb14a054,branch:master). Game began 2024-02-18 16:19:28, ended 2024-02-18 16:34:57. playerb, lawful male human Knight -. .- .. -.. -.. -..------ | #-- -------........ |... ----------.------.........- -.......................%%.........----------- | ----------...h----.....................- --.@..| |......-------- |-)%-- ---<..................- |.)u-- |......---------- |.)..| |..----- ---..| ---- ---- Playerb the Esquire St:15 Dx:8 Co:10 In:8 Wi:17 Ch:17 Lawful S:456 Dlvl:3 $:8 HP:0(36) Pw:38(38) AC:3 Xp:4/87 T:698 Latest messages: You hit the giant rat. The saddled pony hits the giant rat. The giant rat is killed! The gnome lord picks up an aklys. The saddled pony hits the giant rat. The giant rat is killed! What do you want to use or apply? [b or ?*] b Where do you want to hit? (For instructions type a '?') The lance misses the gnome lord. What do you want to use or apply? [b or ?*] b Where do you want to hit? (For instructions type a '?') The lance hits the gnome lord. What do you want to use or apply? [b or ?*] b Where do you want to hit? (For instructions type a '?') The lance misses the gnome lord. The gnome lord wields a dwarvish short sword! What do you want to use or apply? [b or ?*] b Where do you want to hit? (For instructions type a '?') You kill the gnome lord! Welcome to experience level 4. The gnome picks up a dwarvish mattock. The gnome hurls a brown potion! The flask crashes on your head and breaks into shards. The brown potion evaporates. It suddenly gets dark. You feel an unseen monster! It misses. It misses. You can see again. The gnome shoots 2 crossbow bolts! The 1st crossbow bolt misses you. You are hit by the 2nd crossbow bolt. What do you want to use or apply? [b or ?*] b Where do you want to hit? (For instructions type a '?') You kill the gnome! You see here 2 crossbow bolts. Pick an object. There are many objects here. You stop. Your saddled pony is in the way! The saddled pony picks up a crossbow. The dwarf swings his dwarvish mattock. The dwarf hits! You die... Do you want your possessions identified? [ynq] (y) y Do you want to see your attributes? [ynq] (y) q Inventory: Coins $ - 8 gold pieces Weapons k - 6 corroded +1 darts a - a +1 long sword (alternate weapon; not wielded) b - a +1 lance (weapon in left hand) Armor d - an uncursed +0 helmet (being worn) f - an uncursed +0 pair of leather gloves (being worn) e - an uncursed +0 small shield (being worn) c - an uncursed +1 ring mail (being worn) Comestibles g - 13 uncursed apples h - 10 uncursed carrots n - an uncursed food ration i - an uncursed egg o - an uncursed lichen corpse Scrolls s - a cursed scroll of destroy armor p - a blessed scroll of identify m - an uncursed scroll of punishment Potions q - an uncursed potion of healing Gems/Stones l - an uncursed fluorite stone r - an uncursed worthless piece of black glass Playerb the Knight's attributes: Background: You were an Esquire, a level 4 male human Knight. You were lawful, on a mission for Lugh who was opposed by Brigit (neutral) and Manannan Mac Lir (chaotic). You were left-handed. You were in the Gnomish Mines, on level 3. You entered the dungeon 698 turns ago. You had 87 experience points, 73 more were needed to attain level 5. Your score was 456 before end-of-game adjustments. Basics: You had 0 out of 36 hit points. You had all 38 energy points (spell power). Your armor class was 3. Your wallet contained 8 zorkmids. Autopickup was off. Final Characteristics: Your strength was 15 (limit:18/100). Your dexterity was 8 (limit:18). Your constitution was 10 (limit:18). Your intelligence was 8 (limit:18). Your wisdom was 17 (limit:18). Your charisma was 17 (limit:18). Final Status: You weren't hungry. You were unencumbered. You were wielding a lance. You had basic skill with lance. Final Attributes: You were fervently aligned. You could jump. You were warded. You are dead. Miscellaneous: You never encountered a bones level. Total elapsed playing time was 14 minutes and 49 seconds. Major events: Turn 1: playerb the lawful male human Knight entered the dungeon 476: entered the Gnomish Mines 636: attained the rank of Esquire (level 3) 698: killed by a dwarf Vanquished creatures: 2 gnome leaders a dwarf 2 giant rats 7 gnomes a gecko 3 jackals a fox a kobold 3 sewer rats 2 lichens a newt 24 creatures vanquished. No species were genocided or became extinct. Voluntary challenges: You were an atheist. You were illiterate. You never engraved Elbereth. You never genocided any monsters. You never polymorphed an object. You never changed form. You used no wishes. Achievements: You entered the Gnomish Mines. You attained the rank of Esquire. The Dungeons of Doom: levels 1 to 3 Level 1: Level 2: Some fountains. Stairs down to The Gnomish Mines. Level 3: The Gnomish Mines: Level 3: <- You were here. Final resting place for you, killed by a dwarf. Game over: ---------- / \ / REST \ / IN \ / PEACE \ / \ | playerb | | 8 Au | | killed by a | | dwarf | | | | | | 2024 | *| * * * | * _________)/\\_//(\/(/\)/\//\/|_)_______ Fare thee well playerb the Knight... You died in The Gnomish Mines on dungeon level 3 with 456 points, and 8 pieces of gold, after 698 moves. You were level 4 with a maximum of 36 hit points when you died.